AoeStats
← mryendl2410

Arena

509087896Analyzed
2v2 RM · 7d ago on Sep 25, 2026· 19m 52s· 4 players
Game mode
Random Map
Map size
Medium (4 player)
Population
200
Speed
Normal
Resources
Standard
Victory
Conquest
Starting age
Dark Age
Ending age
Imperial Age
RankedLock teamsTeams togetherTeam positionsShared explorationLock speedFull tech treeHidden civsTurbo modeCheats
Victory
Defeat
🇷🇺 Teutons · Russia
1617
+8
🇷🇺 Danes · Russia
1607
+8
🇻🇳 Italians · Vietnam
1434
-8
🇺🇸 Franks · United States
1433
-8
Vedette87
10:25 Feudal Age
14:16 Castle Age
12:16 Double-Bit Axe
mryendl2410
9:40 Loom
11:36 Feudal Age
19:08 Castle Age
BOBAH
6:00 Loom
8:31 Feudal Age
10:02 Fletching
16:02 Town Watch
16:55 Double-Bit Axe
Мамкин руинер
10:51 Feudal Age
11:17 Feudal Age
12:21 Double-Bit Axe
14:51 Castle Age
13:06 Horse Collar
16:11 Bow Saw
17:02 Wheelbarrow
19:34 Scale Mail Armor
Connection lost

Rejoining the realm…

Still unreachable

The connection could not be restored.

Session expired

The server has moved on; the page needs a fresh start.